 Dungeon Crawl Stone Soup version 0.28.0-43-g3370ac3207 (webtiles) character file.

Game seed: 2357960976746397513

81 Ablot the Grasshopper (level 4, -1/38 HPs)
             Began as a Gnoll Warper on Mar 6, 2022.
             Killed from afar by an orc wizard (13 damage)
             ... with a puff of flame
             ... on level 3 of the Dungeon.
             The game lasted 00:01:46 (1939 turns).

Ablot the Grasshopper (Gnoll Warper)                Turns: 1939, Time: 00:01:48

Health: -1/38      AC:  4    Str: 12    XL:     4   Next: 42%
Magic:  11/11      EV: 12    Int: 13    God:
Gold:   64         SH:  0    Dex: 11    Spells: 11/13 levels left

rFire   . . .      SeeInvis .   k - +3 dagger
rCold   . . .      Faith    .   (no shield)
rNeg    . . .      Spirit   .   b - +0 leather armour
rPois   .          Reflect  .   (no helmet)
rElec   .          Harm     .   f - +0 cloak
rCorr   .          Rampage  .   (no gloves)
Will    .....                   (no boots)
Stlth   +.........              (no amulet)
HPRegen 0.12/turn               (no ring)
MPRegen 0.12/turn               (no ring)

@: lethally poisoned (-1 -> -5)
A: fangs 1, strong nose, distributed training
a: no special abilities


You were on level 3 of the Dungeon.
You visited 1 branch of the dungeon, and saw 3 of its levels.

You collected 64 gold pieces.

Inventory:

Hand Weapons
 a - a +0 spear
 k - a +3 dagger (weapon)
 m - a +0 hunting sling
Missiles
 d - 5 boomerangs of dispersal (quivered)
 e - 16 sling bullets
 g - 4 stones
 j - 13 arrows
Armour
 b - a +0 leather armour (worn)
 f - a +0 cloak (worn)
Scrolls
 c - a scroll of blinking
 h - 2 scrolls of fog {unknown}
Potions
 i - 3 potions of degeneration {unknown}
 l - a potion of curing {unknown}


   Skills:
 + Level 4.6 Fighting
 + Level 1.1 Short Blades
 + Level 1.1 Long Blades
 + Level 1.1 Axes
 + Level 1.1 Maces & Flails
 + Level 4.6 Polearms
 + Level 1.1 Staves
 + Level 1.1 Slings
 + Level 1.1 Bows
 + Level 1.1 Crossbows
 + Level 2.7 Throwing
 + Level 2.7 Armour
 + Level 4.6 Dodging
 + Level 1.1 Stealth
 + Level 1.1 Shields
 + Level 1.1 Unarmed Combat
 + Level 5.1 Spellcasting
 + Level 0.9 Conjurations
 + Level 0.9 Hexes
 + Level 0.9 Summonings
 + Level 0.9 Necromancy
 + Level 5.4 Translocations
 + Level 0.9 Transmutations
 + Level 0.9 Fire Magic
 + Level 0.9 Ice Magic
 + Level 0.9 Air Magic
 + Level 0.9 Earth Magic
 + Level 0.9 Poison Magic
 + Level 1.2 Invocations
 + Level 1.1 Evocations


You had 11 spell levels left.
You knew the following spells:

 Your Spells              Type           Power      Damage    Failure   Level
a - Blink                 Tloc           34%        N/A       3%          2

Your spell library contained the following spells:

 Spells                   Type           Power      Damage    Failure   Level
 Gell's Gravitas          Tloc           17%        N/A       8%          3
 Lesser Beckoning         Tloc           17%        N/A       8%          3
 Teleport Other           Tloc           17%        N/A       8%          3
 Manifold Assault         Tloc           17%        N/A       56%         5


Dungeon Overview and Level Annotations

Branches:
Dungeon (3/15)

Altars:
Qazlal


Innate Abilities, Weirdness & Mutations

You have very sharp teeth.
Your uncanny sense of smell can sniff out nearby items.
Your experience applies equally to all skills.


Message History

The orc hits you with a +1 short sword of venom.
You are poisoned.
You barely miss the orc.
The orc is heavily wounded.
You feel sick.
The orc wizard shouts!
The orc hits you but does no damage.
You are more poisoned.
You hit the orc.
The orc is severely wounded.
You feel very sick.
The orc wizard gestures wildly while chanting.
The orc wizard flickers and vanishes!
Deactivating autopickup; reactivate with Ctrl-A.
The orc closely misses you.
An orc comes into view. It is wielding a +0 club.
The orc shouts!
You hit the orc.
You kill the orc!
You feel sick.
Unknown command.
You hit the orc wizard.
The orc wizard is moderately wounded.
You feel sick.
You hit the orc wizard but do no damage.
The orc wizard is moderately wounded.
You feel sick.
The orc wizard hits you with a +0 dagger.
You hit the orc wizard.
The orc wizard is heavily wounded.
You feel sick.
An orc comes into view. It is wielding a +0 club.
The orc wizard hits you but does no damage.
You barely miss the orc wizard.
You bite the orc wizard, but do no damage.
The orc wizard is heavily wounded.
You feel sick.
The orc wizard gestures at you while chanting.
The puff of flame hits you!
You die...

#.# #.# .o. #.#
.##.#
#.######.......
####..........##o#
#.......#### .o.
#<#####.#### #o#
#.#####.##.## #o#
#.#.........# #@#
#.#.###.##.#####.##
#..
...##........#####
###
##########.........
##...##### ##.##
#.# #.# #+#


You could see an orc wizard and 4 orcs.

Vanquished Creatures
  An orc priest (D:3)
  2 dart slugs
  An orc (D:3)
  5 bats
  5 endoplasms
  4 giant cockroaches
  7 goblins
  3 hobgoblins (D:1)
  7 kobolds
  3 frilled lizards (D:1)
  3 rats
41 creatures vanquished.

Notes
Turn   | Place    | Note
-------+----------+-------------------------------------------
     0 | D:1      | Ablot the Gnoll Warper began the quest for the Orb.
     0 | D:1      | Reached XP level 1. HP: 20/20 MP: 6/6
   286 | D:1      | Reached XP level 2. HP: 20/26 MP: 7/7
   294 | D:1      | Learned a level 2 spell: Blink
   430 | D:1      | Found a faded altar of an unknown god.
   835 | D:1      | Reached XP level 3. HP: 31/31 MP: 9/9
  1023 | D:2      | Reached skill level 5 in Spellcasting
  1199 | D:2      | Found a stormy altar of Qazlal.
  1544 | D:2      | Reached skill level 1 in Invocations
  1931 | D:3      | Reached skill level 1 in Short Blades
  1931 | D:3      | Reached skill level 1 in Long Blades
  1931 | D:3      | Reached skill level 1 in Axes
  1931 | D:3      | Reached skill level 1 in Maces & Flails
  1931 | D:3      | Reached skill level 1 in Staves
  1931 | D:3      | Reached skill level 1 in Slings
  1931 | D:3      | Reached skill level 1 in Bows
  1931 | D:3      | Reached skill level 1 in Crossbows
  1931 | D:3      | Reached skill level 1 in Stealth
  1931 | D:3      | Reached skill level 1 in Shields
  1931 | D:3      | Reached skill level 1 in Unarmed Combat
  1931 | D:3      | Reached skill level 1 in Evocations
  1931 | D:3      | Reached XP level 4. HP: 28/38 MP: 11/11
  1939 | D:3      | Killed from afar by an orc wizard

Illustrated notes

Levels and vault maps discovered:
D:1:      wander_arrival_estate, layout_basic, shapermc_ecumenical_altar_venn,
          st_stairs_8, kennysheep_minor_cross, moated_statue
D:2:      layout_loops_ring, basic_altar, solitary_fountain
D:3:      layout_loops_corners

Skill      XL: |  1  2  3 |
---------------+----------+-----
Spellcasting   | 5 |  5.1
Invocations    | 1 |  1.2
Short Blades   | 1 |  1.1
Long Blades    | 1 |  1.1
Axes           | 1 |  1.1
Maces & Flails | 1 |  1.1
Staves         | 1 |  1.1
Slings         | 1 |  1.1
Bows           | 1 |  1.1
Crossbows      | 1 |  1.1
Stealth        | 1 |  1.1
Shields        | 1 |  1.1
Unarmed Combat | 1 |  1.1
Evocations     | 1 |  1.1
Fighting       | |  4.6
Polearms       | |  4.6
Throwing       | |  2.7
Armour         | |  2.7
Dodging        | |  4.6
Conjurations   | |  0.9
Hexes          | |  0.9
Summonings     | |  0.9
Necromancy     | |  0.9
Translocations | |  5.4
Transmutations | |  0.9
Fire Magic     | |  0.9
Ice Magic      | |  0.9
Air Magic      | |  0.9
Earth Magic    | |  0.9
Poison Magic   | |  0.9

Action                   |  1- 3 |  4- 6 || total
-------------------------+-------+-------++-------
Melee: Spear             |    81 |       ||    81
       Bite              |     9 |     1 ||    10
       Dagger            |    46 |     8 ||    54
       Punch             |     1 |       ||     1
 Stab: Sleeping          |     1 |       ||     1
Armor: Leather armour    |    25 |     2 ||    27
Dodge: Dodged            |    60 |     1 ||    61
